 Dungeon Crawl Stone Soup version 0.31.0-11-ge490571c62 (webtiles) character file.

Game seed: 13150842302600338232

4517 qw the Nimble (level 10, -10/49 HPs)
             Began as a Spriggan Hunter on Feb 4, 2024.
             Killed from afar by an efreet (27 damage)
             ... with a fireball
             ... on level 9 of the Dungeon.
             The game lasted 00:00:30 (6082 turns).

qw the Nimble (Spriggan Hunter)                     Turns: 6082, Time: 00:00:30

Health: -10/49     AC:  4    Str:  7    XL:     10   Next: 16%
Magic:  9/9        EV: 30    Int: 10    God:
Gold:   602        SH:  0    Dex: 24    Spells: 9/9 levels left

rFire   . . .        e - +4 arbalest (flame)
rCold   . . .        (shield currently unavailable)
rNeg    . . .        c - +0 robe
rPois   .            (helmet restricted)
rElec   .            j - +1 cloak
rCorr   +            (gloves unavailable)
SInv    +            (boots unavailable)
Will    +....        f - amulet of regeneration
Stlth   ++           b - ring of resist corrosion
HPRegen 1.08/turn    (no ring)
MPRegen 0.11/turn

%: random rage (3%)
@: very quick
A: very small, no large weapons, unfitting armour, see invisible, speed 3,
berserk 1, low MP 2
a: no special abilities


You were on level 9 of the Dungeon.
You visited 2 branches of the dungeon, and saw 10 of its levels.

You collected 602 gold pieces.


Innate Abilities, Weirdness & Mutations

You are very small and have problems with some larger weapons.
You are too small for most types of armour.
You have supernaturally acute eyesight. (SInv)
You cover ground extremely quickly. (Speed+++)
You sometimes lose your temper in combat.
Your magical capacity is very low. (-20% MP)


   Skills:
 - Level 4.1 Fighting
 + Level 11.5 Ranged Weapons
 - Level 12.1 Dodging
 - Level 1.5 Stealth


You had 9 spell levels left.
You didn't know any spells.
Your spell library was empty.

Inventory:

Hand Weapons
 e - a +4 arbalest of flaming (weapon)
Armour
 c - a +0 robe (worn)
 j - a +1 cloak (worn)
Jewellery
 b - a ring of resist corrosion (left hand)
 f - an amulet of regeneration (around neck)
Scrolls
 g - a scroll of amnesia {unknown}
 h - a scroll of teleportation
Potions
 a - 6 potions of curing
 d - a potion of might
 i - a potion of berserk rage {unknown}
 l - a potion of haste

Dungeon Overview and Level Annotations

Branches:
Dungeon (9/15)             Temple (1/1) D:5
   Lair: D:8-11         Orc: D:9-12

Altars:
Ashenzari
Cheibriados
Dithmenos
Elyvilon
Gozag
Hepliaklqana
Kikubaaqudgha
Makhleb
Nemelex Xobeh
Qazlal
Ru
Trog
Uskayaw
Wu Jian
Yredelemnul

Shops:
D:6 *

Portals:
Bailey: D:7

Annotations:
D:3 2 transporters
D:8 3 runed translucent doors, qw's ghost, journeyman DjHu


Message History

You feel yourself slow down.
The vampire mosquito completely misses you.
The vampire mosquito misses you.
You shoot a bolt. The bolt misses the vampire mosquito.
The vampire mosquito misses you.
The vampire mosquito completely misses you.
You shoot a bolt.
The bolt closely misses the vampire mosquito.
The vampire mosquito misses you. x3
You shoot a bolt. The bolt hits the vampire mosquito!
The bolt burns the vampire mosquito.
You destroy the vampire mosquito!
You see here a wyvern corpse.
Found a smoky orange potion.
Things that are here:
a +1 falchion; a +0 robe; an acid dragon corpse
Found a scroll of immolation.
An efreet comes into view.
It is wielding a +1 scimitar of flaming.
You shoot a bolt. The bolt hits the efreet!!
The efreet is severely wounded.
You hear a shout! x4
You shoot a bolt. The bolt barely misses the efreet.
A tengu warrior comes into view. It is wielding a +1 battleaxe.
You shoot a bolt. The bolt barely misses the efreet.
The efreet gestures at you. The bolt of fire hits you!
A centaur comes into view.
The efreet misses you.
6079 ||| RETREEEEATING.
A centaur comes into view.
6080 ||| RETREEEEATING.
You shoot a bolt. The bolt hits the efreet.
The efreet is severely wounded.
The efreet gestures at you. The bolt of fire hits you!!
The tree burns like a torch!
You shoot a bolt. The bolt barely misses the efreet.
The efreet gestures at you.
The fireball explodes!
The fireball engulfs you!!
Ouch! That really hurt!
You die...

##.######## ...
########.)).......
###
........%.).....##
#####..%#######.#
7.....)%..7
7..7777.7777..7
7...¤...7 7.#
7..7777.7777..7#
7.....R@..¤7
#####0###### #0#


!Q! ..~. #c.... .##c## ## #.# You could see an efreet.

Vanquished Creatures
  A hornet (D:9)
  A shadow (D:9)
  4 yaks (D:9)
  A wyvern (D:9)
  A vampire mosquito (D:9)
  A steam dragon (D:7)
  A water moccasin (D:7)
  Duvessa (D:7)
  An acid dragon (D:9)
  3 orc warriors
  An ice beast (D:7)
  A sky beast (D:7)
  2 black bears (D:7)
  2 ogres (D:5)
  A phantom (D:5)
  A centaur (D:7)
  A kobold brigand (D:7)
  5 scorpions
  2 bullfrogs (D:8)
  A wight (D:9)
  Dowan (D:7)
  7 howler monkeys
  An electric eel (D:8)
  5 orc priests
  A bombardier beetle (D:5)
  5 hounds
  A jelly (D:5)
  A gnoll bouda (D:8)
  2 sleepcaps
  6 iguanas
  8 orc wizards
  6 adders
  5 gnolls (D:8)
  A white imp (D:8)
  2 ufetubi (D:7)
  4 dart slugs
  A ribbon worm (D:2)
  30 orcs
  8 bats
  7 endoplasms
  3 giant cockroaches
  7 goblins
  7 hobgoblins
  4 quokkas
  7 ball pythons
  A frilled lizard (D:2)
  18 kobolds
  4 rats
185 creatures vanquished.

Notes
Turn   | Place    | Note
-------+----------+-------------------------------------------
     0 | D:1      | qw the Spriggan Hunter began the quest for the Orb.
     0 | D:1      | Reached XP level 1. HP: 10/10 MP: 2/2
     0 | D:1      | 0 ||| qw: Version: 0.3-a-160-g6735b56
     0 | D:1      | 0 ||| qw: Game counter: 4606
     0 | D:1      | 0 ||| qw: Melee chars always use a shield: true
     0 | D:1      | 0 ||| qw: God list: Okawaru
     0 | D:1      | 0 ||| qw: Allow faded altars: false
     0 | D:1      | 0 ||| qw: Do Orc after clearing Dungeon:15 true
     0 | D:1      | 0 ||| qw: Do second Lair branch before Depths: true
     0 | D:1      | 0 ||| qw: Lair rune preference: random
     0 | D:1      | 0 ||| qw: Goals: Normal
     0 | D:1      | 0 ||| PLANNING D:1-11
    34 | D:1      | Reached skill level 3 in Dodging
   122 | D:1      | Reached XP level 2. HP: 9/14 MP: 3/3
   229 | D:1      | Reached skill level 4 in Dodging
   432 | D:1      | 432 ||| READING scroll labelled MIBRIUT LE BUN.
   433 | D:1      | 433 ||| READING scroll labelled FUOMNIX NYME.
   433 | D:1      | Identified a scroll of acquirement
   433 | D:1      | 433 ||| ACQUIRING +3 arbalest of flaming
   433 | D:1      | Acquired a +3 arbalest of flaming
   435 | D:1      | 435 ||| SWAPPING to +3 arbalest of flaming.
   436 | D:1      | 436 ||| DROPPING +0 shortbow.
   437 | D:1      | 437 ||| READING scroll labelled HIOMAO OCUNO.
   437 | D:1      | 437 ||| IDENTIFYING inky potion
   438 | D:1      | 438 ||| DRINKING 2 golden potions.
   439 | D:1      | 439 ||| DROPPING scroll of butterflies.
   440 | D:1      | 440 ||| DROPPING potion of degeneration.
   610 | D:2      | Reached XP level 3. HP: 18/18 MP: 4/4
   923 | D:2      | Reached XP level 4. HP: 21/22 MP: 5/5
  1123 | D:2      | 1123 ||| UPGRADING to +0 cloak.
  1128 | D:2      | 1128 ||| READING scroll labelled DAOWKI FEQO.
  1129 | D:2      | 1129 ||| READING scroll labelled BEIRGH WOTORE.
  1129 | D:2      | 1129 ||| ENCHANTING +3 arbalest of flaming.
  1130 | D:2      | 1130 ||| READING scroll labelled ONIANO LADIXU.
  1130 | D:2      | 1130 ||| ENCHANTING +0 cloak.
  1131 | D:2      | 1131 ||| READING scroll labelled VINTISCH TENER.
  1132 | D:2      | 1132 ||| READING scroll labelled TUMIMM PICEAR.
  1233 | D:2      | 1233 ||| DRINKING 2 murky clear potions.
  1233 | D:2      | Gained mutation: Your magical capacity is low. (-10% MP)
                  | [potion of mutation]
  1233 | D:2      | Lost mutation: Your magical capacity is low. (-10% MP)
                  | [potion of mutation]
  1233 | D:2      | Gained mutation: You are vulnerable to cold. (rC-) [potion
                  | of mutation]
  1234 | D:2      | 1234 ||| DRINKING potion of mutation.
  1234 | D:2      | Lost mutation: You are vulnerable to cold. (rC-) [potion of
                  | mutation]
  1234 | D:2      | Gained mutation: Your magical capacity is low. (-10% MP)
                  | [potion of mutation]
  1234 | D:2      | Gained mutation: Your magical capacity is very low. (-20%
                  | MP) [potion of mutation]
  1234 | D:2      | Gained mutation: You sometimes lose your temper in combat.
                  | [potion of mutation]
  1329 | D:3      | HP: 5/23 [poisoned by a kobold]
  1330 | D:3      | 1330 ||| DRINKING potion of curing.
  1330 | D:3      | 1330 ||| (to cure poison)
  1409 | D:3      | 1409 ||| FLEEEEING.
  1410 | D:3      | 1410 ||| FLEEEEING.
  1411 | D:3      | 1411 ||| FLEEEEING.
  1413 | D:3      | 1413 ||| FLEEEEING.
  1414 | D:3      | 1414 ||| FLEEEEING.
  1415 | D:3      | 1415 ||| FLEEEEING.
  1416 | D:3      | 1416 ||| FLEEEEING.
  1417 | D:3      | 1417 ||| FLEEEEING.
  1419 | D:3      | 1419 ||| FLEEEEING.
  1420 | D:3      | 1420 ||| FLEEEEING.
  1421 | D:3      | 1421 ||| FLEEEEING.
  1423 | D:3      | 1423 ||| FLEEEEING.
  1557 | D:3      | Reached skill level 5 in Dodging
  1579 | D:3      | Reached XP level 5. HP: 23/26 MP: 5/5
  1601 | D:3      | Found a transporter.
  1606 | D:3      | Identified the +7 halberd of the Hurling Gods {chaos, rPois
                  | Int+2}
  1608 | D:3      | Found a transporter.
  1902 | D:3      | 1902 ||| UPGRADING to ring of resist corrosion.
  1921 | D:4      | Found a hide-covered altar of Uskayaw.
  2072 | D:4      | Found an ancient bone altar of Kikubaaqudgha.
  2200 | D:4      | Reached skill level 6 in Ranged Weapons
  2377 | D:4      | Found a broken altar of Ashenzari.
  2402 | D:4      | 2402 ||| READING 3 scrolls of identify.
  2402 | D:4      | 2402 ||| IDENTIFYING 2 viscous emerald potions
  2403 | D:4      | 2403 ||| READING 2 scrolls of identify.
  2403 | D:4      | 2403 ||| IDENTIFYING scroll labelled COAROD LAICLO
  2404 | D:4      | 2404 ||| READING scroll of identify.
  2404 | D:4      | 2404 ||| IDENTIFYING scroll labelled ZEIFUO PYITA
  2405 | D:4      | 2405 ||| READING 4 scrolls labelled RAMES KILEOLEU.
  2408 | D:4      | 2408 ||| DROPPING scroll of poison.
  2409 | D:4      | 2409 ||| DROPPING scroll of torment.
  2420 | D:5      | Entered Level 5 of the Dungeon
  2433 | D:5      | Noticed an ogre
  2435 | D:5      | Killed an ogre
  2436 | D:5      | Reached skill level 6 in Dodging
  2436 | D:5      | Reached XP level 6. HP: 30/30 MP: 5/5
  2527 | D:5      | Found a staircase to the Ecumenical Temple.
  2528 | D:5      | 2528 ||| PLANNING TEMPLE
  2536 | Temple   | Entered the Ecumenical Temple
  2537 | Temple   | 2537 ||| PLANNING D:1-11
  2988 | D:5      | Reached XP level 7. HP: 35/35 MP: 6/6
  3003 | D:5      | Reached skill level 7 in Dodging
  3322 | D:5      | 3322 ||| READING scroll of identify.
  3322 | D:5      | 3322 ||| IDENTIFYING green potion
  3323 | D:5      | 3323 ||| READING scroll labelled GIAK QEXZIUMO.
  3424 | D:5      | 3424 ||| READING scroll labelled TYONEO ABUVOENN.
  3425 | D:5      | 3425 ||| DROPPING potion of attraction.
  3530 | D:6      | 3530 ||| FLEEEEING.
  3531 | D:6      | 3531 ||| FLEEEEING.
  3532 | D:6      | 3532 ||| FLEEEEING.
  3533 | D:6      | 3533 ||| FLEEEEING.
  3534 | D:6      | 3534 ||| FLEEEEING.
  3535 | D:6      | 3535 ||| FLEEEEING.
  3538 | D:6      | 3538 ||| FLEEEEING.
  3539 | D:6      | 3539 ||| FLEEEEING.
  3540 | D:6      | 3540 ||| FLEEEEING.
  3542 | D:6      | 3542 ||| FLEEEEING.
  3543 | D:6      | 3543 ||| FLEEEEING.
  3544 | D:6      | 3544 ||| FLEEEEING.
  3596 | D:6      | Found Telira's CLEARANCE SALE!.
  3811 | D:6      | Reached skill level 8 in Dodging
  3936 | D:6      | Reached XP level 8. HP: 39/39 MP: 7/7
  4123 | D:6      | HP: 4/39 [orc warrior/+0 glaive (6)]
  4124 | D:6      | 4124 ||| READING 3 scrolls of teleportation.
  4125 | D:6      | 4125 ||| DRINKING 2 potions of heal wounds.
  4126 | D:6      | 4126 ||| DRINKING potion of heal wounds.
  4206 | D:6      | 4206 ||| UPGRADING to amulet of regeneration.
  4211 | D:6      | 4211 ||| READING 3 scrolls labelled OSAGONK DADWIRGH.
  4212 | D:6      | 4212 ||| DRINKING 2 cyan potions.
  4213 | D:6      | 4213 ||| DROPPING 2 scrolls of fog.
  4254 | D:7      | Reached skill level 3 in Fighting
  4341 | D:7      | Found a snail-covered altar of Cheibriados.
  4550 | D:7      | Reached skill level 9 in Ranged Weapons
  4624 | D:7      | 4624 ||| Stepping ~*~*~tactically~*~*~ (cloud).
  4632 | D:7      | 4632 ||| Stepping ~*~*~tactically~*~*~ (cloud).
  4633 | D:7      | 4633 ||| Stepping ~*~*~tactically~*~*~ (cloud).
  4634 | D:7      | 4634 ||| Stepping ~*~*~tactically~*~*~ (cloud).
  4682 | D:7      | Reached skill level 9 in Dodging
  4898 | D:7      | Found a flagged portal.
  4933 | D:7      | Reached XP level 9. HP: 44/44 MP: 8/8
  4934 | D:7      | Noticed Duvessa
  4934 | D:7      | Noticed Dowan
  4937 | D:7      | Killed Dowan
  4938 | D:7      | 4938 ||| DRINKING potion of haste.
  4944 | D:7      | Killed Duvessa
  4945 | D:7      | Reached skill level 10 in Dodging
  5138 | D:7      | 5138 ||| READING scroll of identify.
  5138 | D:7      | 5138 ||| IDENTIFYING orange potion
  5151 | D:8      | 5151 ||| STAIRDANCE
  5153 | D:7      | Paralysed by a hornet for 3 turns
  5154 | D:7      | HP: 8/44 [hornet (14)]
  5155 | D:7      | 5155 ||| READING 2 scrolls of teleportation.
  5156 | D:7      | 5156 ||| DRINKING potion of heal wounds.
  5237 | D:8      | 5237 ||| STAIRDANCE
  5283 | D:8      | Found a runed translucent gate.
  5421 | D:8      | Found a runed translucent gate.
  5423 | D:8      | Found a runed translucent gate.
  5424 | D:8      | Found an opulent altar of Gozag.
  5425 | D:8      | Noticed qw's ghost (journeyman DjHu)
  5425 | D:8      | Noticed a boulder beetle
  5425 | D:8      | Noticed an unseen horror
  5426 | D:8      | Noticed a deep elf pyromancer
  5448 | D:8      | 5448 ||| FLEEEEING.
  5449 | D:8      | 5449 ||| FLEEEEING.
  5508 | D:8      | Reached skill level 11 in Dodging
  5899 | D:8      | 5899 ||| READING scroll of identify.
  5899 | D:8      | 5899 ||| IDENTIFYING black potion
  5900 | D:8      | 5900 ||| DROPPING potion of ambrosia.
  5940 | D:9      | Identified the +7 falchion of Raptaos {drain, rC+ rN+ Will-
                  | rCorr}
  6011 | D:9      | 6011 ||| RETREEEEATING.
  6013 | D:9      | 6013 ||| DRINKING 2 potions of haste.
  6018 | D:9      | Reached skill level 12 in Dodging
  6018 | D:9      | Reached XP level 10. HP: 35/49 MP: 9/9
  6021 | D:9      | 6021 ||| FLEEEEING.
  6022 | D:9      | 6022 ||| FLEEEEING.
  6023 | D:9      | 6023 ||| FLEEEEING.
  6032 | D:9      | 6032 ||| FLEEEEING.
  6036 | D:9      | 6036 ||| FLEEEEING.
  6037 | D:9      | 6037 ||| FLEEEEING.
  6038 | D:9      | 6038 ||| FLEEEEING.
  6077 | D:9      | Noticed a tengu warrior
  6079 | D:9      | 6079 ||| RETREEEEATING.
  6080 | D:9      | 6080 ||| RETREEEEATING.
  6082 | D:9      | Killed from afar by an efreet

Levels and vault maps discovered:
D:1:      minmay_arrival_open_corners, layout_rooms, kennysheep_boxes
D:2:      layout_loops_ring
D:3:      layout_loops_ring, gammafunk_ghost_gnarly_gnolls
D:4:      layout_rooms, mainiacjoe_overflow_boulevard, amcnicky_altar_gilded,
          cheibrodos_ashenzari_chains, hangedman_feature_mirror
D:5:      layout_cave_pods, minmay_temple_entry_sparse_star,
          minmay_quadrilaterals
D:6:      layout_gridville, nicolae_shop_clearance
D:7:      layout_gridville, lemuel_crystal_altar, enter_bailey_4, uniq_duvessa
D:8:      layout_basic, ebering_ghost_gozag, minmay_crystal_water,
          hangedman_abyss_or_decor_slice
D:9:      nzn_winding_woodlands_small [nzn_winding_woodlands_5x15_zeroes,
          nzn_winding_woodlands_center_pierced_h,
          nzn_winding_woodlands_5x15_eye], layout_loops_corners,
          pdpol_temple_overflow_zin_treasury_gozag_greed
Temple:   hellmonk_temple_micro_hex

Skill      XL: |  1  2  3  4  5  6  7  8  9 |
---------------+----------------------------+-----
Dodging        | 3 4 5 6 8 9 12 | 12.1
Ranged Weapons | 5 6 7 8 9 11 | 11.5
Fighting       | 2 3 4 |  4.1
Stealth        | |  1.5

Action                     |  1- 3 |  4- 6 |  7- 9 | 10-12 || total
---------------------------+-------+-------+-------+-------++-------
   Fire: Shortbow          |    42 |       |       |       ||    42
         Arbalest          |    30 |   106 |   242 |    23 ||   401
    Use: Scroll            |     3 |     9 |     8 |       ||    20
         Potion            |     1 |     3 |     6 |       ||    10
 Armour: Robe              |     5 |    15 |    56 |     5 ||    81
  Dodge: Dodged            |    12 |    38 |   148 |    16 ||   214

Table legend:
 A = Non-vault XP
 B = Vault XP
 C = Vault XP percentage of total XP
 D = Non-vault monster count
 E = Vault monster count
 F = Vault count percentage of total count
                 A         B        C        D         E       F
            +---------+---------+-------+---------+---------+-------
      Total |    4698 |    1755 |  27.2 |     164 |      21 |  11.4
            +---------+---------+-------+---------+---------+-------
        D:1 |      29 |       0 |   0.0 |      19 |       0 |   0.0
        D:2 |      68 |       0 |   0.0 |      15 |       0 |   0.0
        D:3 |     117 |       0 |   0.0 |      24 |       0 |   0.0
        D:4 |     118 |       4 |   3.3 |      13 |       2 |  13.3
        D:5 |     517 |     259 |  33.4 |      12 |       5 |  29.4
        D:6 |     383 |       0 |   0.0 |      10 |       0 |   0.0
        D:7 |    1705 |     227 |  11.7 |      33 |       7 |  17.5
        D:8 |     987 |       0 |   0.0 |      31 |       0 |   0.0
        D:9 |     774 |    1265 |  62.0 |       7 |       7 |  50.0
            +---------+---------+-------+---------+---------+-------
